 Dungeon Crawl Stone Soup version 0.21-a0-127-g329daca (webtiles) character file.

29 Heofaku the Chopper (level 3, 26/27 HPs)
             Began as a Demonspawn Gladiator on July 16, 2017.
             Quit the game on level 1 of the Dungeon.
             The game lasted 00:01:06 (837 turns).

Heofaku the Chopper (Demonspawn Gladiator)           Turns: 837, Time: 00:01:07

Health: 26/27      AC:  5    Str: 15    XL:     3   Next: 1%
Magic:  3/3        EV: 11    Int:  9    God:
Gold:   39         SH:  0    Dex: 14    Spells: 2/2 levels left

rFire    . . .     SeeInvis .   a - +0 war axe
rCold    . . .     Gourm    .   (no shield)
rNeg     . . .     Faith    .   i - +0 ring mail
rPois    .         Spirit   .   (helmet restricted)
rElec    .         Reflect  .   (no cloak)
rCorr    .         Harm     .   (no gloves)
MR       .....                  (no boots)
Stlth    +.........             (no amulet)
HPRegen  0.09/turn              (no ring)
MPRegen  0.08/turn              (no ring)

@: no status effects
A: antennae 1, talons 1
a: no special abilities


You were on level 1 of the Dungeon.
You were not hungry.

You visited 1 branch of the dungeon, and saw 1 of its levels.

You collected 39 gold pieces.

Inventory:

Hand Weapons
 a - a +0 war axe (weapon)
Missiles
 d - 3 throwing nets (quivered)
Armour
 b - a +0 leather armour
 c - a +0 helmet
 i - a +0 ring mail (worn)
Scrolls
 e - 2 scrolls of identify {unknown}
 h - a scroll of blinking {unknown}
 j - a scroll of remove curse {unknown}
 l - a scroll of amnesia {unknown}
 m - a scroll of teleportation {unknown}
Potions
 g - a potion of might {unknown}
 k - a potion of curing {unknown}
Comestibles
 f - a bread ration


   Skills:
 - Level 2.0 Fighting
 + Level 3.8 Axes
 - Level 1.7 Throwing
 - Level 2.6 Dodging


You had 2 spell levels left.
You didn't know any spells.

Dungeon Overview and Level Annotations

Branches:
Dungeon (1/15)

Altars:


Innate Abilities, Weirdness & Mutations

You have a pair of small antennae on your head.
You have sharp toenails.


Message History

The hobgoblin shouts!
The hobgoblin hits you with a club.
You closely miss the hobgoblin.
The hobgoblin hits you but does no damage.
You closely miss the hobgoblin. The hobgoblin closely misses you.
You completely miss the hobgoblin. Your kick misses the hobgoblin.
The hobgoblin hits you but does no damage.
Your ring mail prevents you from hitting the hobgoblin.
Your kick misses the hobgoblin.
The hobgoblin hits you but does no damage.
The hobgoblin barely misses you.
You slash the hobgoblin!
You kill the hobgoblin!
You have reached level 3!
Your experience leads to an increase in your attributes!
Increase (S)trength, (I)ntelligence, or (D)exterity?
You feel stronger.
Your demonic ancestry asserts itself...
A pair of antennae grows on your head!
Your +0 helmet falls away!
Are you sure you want to abandon this character and quit the game? (Confirm with "yes".)

#..............#.....
#...#...#......##.#>.
#............## #.#.#
#.#.#.#...... #.#.#
#........#### #.#.#
#........# #.#.#
#.....#### #.#.#
#.########## #.#..
#...@)......
############


There were no monsters in sight!

Vanquished Creatures
  A dart slug (D:1)
  2 ball pythons (D:1)
  6 hobgoblins (D:1)
  8 jackals (D:1)
  2 bats (D:1)
  A goblin (D:1)
  2 kobolds (D:1)
  A rat (D:1)
23 creatures vanquished.

Notes
Turn   | Place    | Note
-------+----------+-------------------------------------------
     0 | D:1      | Heofaku the Demonspawn Gladiator began the quest for the Orb.
     0 | D:1      | Reached XP level 1. HP: 16/16 MP: 1/1
    47 | D:1      | Reached skill level 3 in Axes
   218 | D:1      | Gained mutation: You have sharp toenails. [demonic ancestry]
   218 | D:1      | Reached XP level 2. HP: 22/22 MP: 2/2
   836 | D:1      | Gained mutation: You have a pair of small antennae on your head. [demonic ancestry]
   836 | D:1      | Reached XP level 3. HP: 26/27 MP: 3/3
   837 | D:1      | Quit the game

Vault maps used:
D:1:      noname_arrival_rooms_in_the_neighbourhood, minmay_liquid_box,
          grunt_decor_arrowhead, hangedman_decor_lopped, minmay_misc_feat_chi

Skill      XL: |  1 |
---------------+----+-----
Axes           | 3 |  3.8
Fighting       | |  2.0
Throwing       | |  1.7
Dodging        | |  2.6

Action                   || total
-------------------------++-------
Melee: War axe           ||    50
       Kick              ||     8
 Stab: Sleeping          ||     1
Armor: Leather armour    ||     7
       Ring mail         ||    25
Dodge: Dodged            ||    64
